 Dungeon Crawl Stone Soup version 0.24.0-41-g2ae2f7f1be (webtiles) character file.

Game seed: 2585021592737813408, levelgen mode: deterministic

119 ReteAZ the Covered (level 4, 0/63 HPs)
             Began as a Deep Dwarf Fighter on Dec 13, 2019.
             Slain by a worm (5 damage)
             ... on level 2 of the Dungeon on Dec 14, 2019.
             The game lasted 00:02:06 (629 turns).

ReteAZ the Covered (Deep Dwarf Fighter)              Turns: 629, Time: 00:02:06

Health: 0/63       AC: 22    Str: 20    XL:     4   Next: 73%
Magic:  4/4        EV:  2    Int:  9    God:
Gold:   60         SH:  9    Dex: 12    Spells: 3/3 levels left

rFire    . . .     SeeInvis .   a - +0 war axe
rCold    . . .     Gourm    .   c - +0 shield
rNeg     + + +     Faith    .   (armour currently unavailable)
rPois    +         Spirit   .   (helmet currently unavailable)
rElec    .         Reflect  .   (cloak currently unavailable)
rCorr    .         Harm     .   (gloves currently unavailable)
MR       .....     NoTele   +   (boots currently unavailable)
Stlth    +.........             (no amulet)
HPRegen  0.00/turn              (no ring)
MPRegen  0.09/turn              (no ring)

@: tree-form, non-regenerating
A: damage resistance, heal wounds, sense surroundings 1, no regeneration
a: Heal Wounds


You were on level 2 of the Dungeon.
You were not hungry.
You were a tree.
You visited 1 branch of the dungeon, and saw 2 of its levels.

You collected 60 gold pieces.

Inventory:

Hand Weapons
 a - a +0 war axe (weapon)
Armour
 b - a +0 scale mail (melded)
 c - a +0 shield (worn)
Scrolls
 e - a scroll of teleportation {unknown}
 g - a scroll of magic mapping {unknown}
 i - a scroll of identify {unknown}
 j - 2 scrolls of fog {unknown}
Potions
 d - a potion of might
Comestibles
 f - 3 rations
 h - 5 chunks of flesh


   Skills:
 + Level 3.2 Fighting
 * Level 3.8 Axes
 + Level 4.0 Armour
 + Level 4.0 Shields


You had 3 spell levels left.
You didn't know any spells.
Your spell library was empty.

Dungeon Overview and Level Annotations

Branches:
Dungeon (2/15)

Altars:


Innate Abilities, Weirdness & Mutations

You are resistant to damage.
You can heal yourself by infusing magical energy.
You passively map a small area around you.
You do not regenerate.


Message History

The goblin hits you but does no damage. You block the giant cockroach's attack.
You hit the giant cockroach but do no damage.
You miss the bat. You slash the goblin!
You kill the goblin!
The bat hits you but does no damage.
The kobold throws a stone.
You block the stone.
The giant cockroach bites you but does no damage.
The bat hits you but does no damage.
You slash the bat!
You kill the bat!
You slash the giant cockroach!
You kill the giant cockroach!
Unknown command.
You miss the kobold. You block the kobold's attack.
You hit the worm but do no damage. You hit the kobold but do no damage.
The kobold hits you but does no damage. You block the worm's attack.
The kobold hits you but does no damage.
Unknown command.
You barely miss the worm. You miss the kobold. The worm bites you!
You die...

* ##### #....#
#....# , #....#
* ,, #....# ****
, #..... , ,
#....####*.. * *
, #....w♣K##.#
#....##)......
*,
#.>..##...###.#.
#....##.#.# ...
..
####..#...###.#
.. *
##.##......##.#
, #.w..#.#......
, #..#.....$.# *
###.###....#.#,
,


You could see a worm and a kobold.

Vanquished Creatures
  Jessica (D:2)
  An iguana (D:2)
  A gnoll (D:2)
  An adder (D:2)
  An ooze (D:2)
  A dart slug (D:1)
  A leopard gecko (D:1)
  3 giant cockroaches
  6 goblins
  5 hobgoblins
  5 kobolds
  A quokka (D:2)
  9 bats
  3 frilled lizards
  3 rats (D:1)
42 creatures vanquished.

Notes
Turn   | Place    | Note
-------+----------+-------------------------------------------
     0 | D:1      | ReteAZ the Deep Dwarf Fighter began the quest for the Orb.
     0 | D:1      | Reached XP level 1. HP: 20/20 MP: 1/1
   174 | D:1      | Reached XP level 2. HP: 20/27 MP: 2/2
   447 | D:1      | Reached XP level 3. HP: 21/33 MP: 3/3
   515 | D:2      | Noticed Jessica
   552 | D:2      | Killed Jessica
   574 | D:2      | Reached XP level 4. HP: 25/42 MP: 4/4
   629 | D:2      | Slain by a worm

Levels and vault maps discovered:
D:1:      dpeg_arrival_snail, layout_rooms
D:2:      layout_rooms, first_ration, minmay_fractal_squares_5, uniq_jessica

Skill      XL: |  1  2  3  4 |
---------------+-------------+-----
Axes           | 3 |  3.8
Fighting       | 3 |  3.2
Armour         | 4 |  4.0
Shields        | 4 |  4.0

Action                   |  1- 3 |  4- 6 || total
-------------------------+-------+-------++-------
Melee: War axe           |   116 |    20 ||   136
  Use: Potion            |       |     1 ||     1
Armor: Scale mail        |    84 |     5 ||    89
       Skin              |       |    10 ||    10
Dodge: Dodged            |    57 |     8 ||    65
Block: Shield            |    77 |    21 ||    98
